3L
PHILADELPHIA 1776 BC @ PORTLAND EVERGREENS
08/20/2026
 
TOP OF THE 1ST
Philadelphia 1776 BC batting - Pitching for Portland Evergreens : RHP Antonio Godfrey
Pitching: RHP Antonio Godfrey
Batting: RHB Jesús Orozco 0-0: Ball
1-0: Swinging Strike
1-1: Ball
2-1: Ball
3-1: Bunted foul
3-2: Base on Balls
Batting: LHB Tony Vega 0-0: Ball
1-0: DOUBLE (Flyball, 8LD)
Jesús Orozco to third
Batting: RHB Russell Jackson 0-0: Fly out, F8 (Flyball, 8LM)
Runner from 3rd tags up, SCORES, no throw
Batting: LHB Héctor Torres 0-0: Ball
1-0: Called Strike
1-1: Swinging Strike
1-2: Foul Ball, location: 2F
1-2: Ground out 6-3 (Groundball, 6MS)
Tony Vega to third
Batting: RHB António Granados 0-0: Ball
1-0: Ball
2-0: Foul Ball, location: 2F
2-1: Foul Ball, location: 2F
2-2: SINGLE (Line Drive, 56)
Tony Vega scores
Batting: RHB Jesús Rodríguez 0-0: Ball
1-0: Called Strike
1-1: Ball
2-1: Fly out, F8 (Flyball, 8RM)
Top of the 1st over - 2 run(s), 2 hit(s), 0 error(s), 1 left on base; Philadelphia 1776 2 - Portland 0
BOTTOM OF THE 1ST
Portland Evergreens batting - Pitching for Philadelphia 1776 BC : RHP Bill Fletcher
Pitching: RHP Bill Fletcher
Batting: RHB Silvio Bonauiti 0-0: Swinging Strike
0-1: Fly out, F8 (Line Drive, 8LM)
Batting: RHB Roland Deschain 0-0: Ball
1-0: Ball
2-0: Ground out 5-3 (Groundball, 56)
Batting: LHB António González 0-0: Swinging Strike
0-1: Foul Ball, location: 2F
0-2: Strikes out swinging
Bottom of the 1st over - 0 run(s), 0 hit(s), 0 error(s), 0 left on base; Philadelphia 1776 2 - Portland 0
TOP OF THE 2ND
Philadelphia 1776 BC batting - Pitching for Portland Evergreens : RHP Antonio Godfrey
Batting: SHB Jesús Cabańe 0-0: Called Strike
0-1: Ball
1-1: Ball
2-1: Ball
3-1: Foul Ball, location: 2F
3-2: Base on Balls
Batting: LHB Rubén López 0-0: Called Strike
0-1: Grounds out, U3 (Groundball, 3L)
Batting: RHB Patrizio Vanali 0-0: Ball
1-0: Called Strike
1-1: Foul Ball, location: 2F
1-2: Ball
2-2: Ball
3-2: Ground out 4-3 (Groundball, 4M)
Jesús Cabańe to third
Batting: RHB Jesús Orozco 0-0: SINGLE (Groundball, 34D)
Jesús Cabańe scores
Batting: LHB Tony Vega 0-0: Ball
1-0: Ball
2-0: Called Strike
2-1: Foul Ball, location: 2F
2-2: Ball
3-2: SINGLE (Line Drive, 8LS)
Jesús Orozco to second
Jesús Orozco to third
Batting: RHB Russell Jackson 0-0: Called Strike
0-1: Ball
1-1: Ball
2-1: Called Strike
2-2: Ground out 1-3 (Groundball, 13S)
Top of the 2nd over - 1 run(s), 2 hit(s), 0 error(s), 2 left on base; Philadelphia 1776 3 - Portland 0
BOTTOM OF THE 2ND
Portland Evergreens batting - Pitching for Philadelphia 1776 BC : RHP Bill Fletcher
Batting: RHB Fernando Rivera 0-0: Ball
1-0: Swinging Strike
1-1: Fly out, F7 (Flyball, 7S)
Batting: LHB Luis Velázquez 0-0: Called Strike
0-1: Ball
1-1: Foul Ball, location: 2F
1-2: Strikes out swinging
Batting: SHB Eddie Ménard 0-0: Called Strike
0-1: Ball
1-1: Foul Ball, location: 2F
1-2: Foul Ball, location: 2F
1-2: Foul Ball, location: 2F
1-2: Ball
2-2: Ball
3-2: Reached on error, E6 (Groundball, 6)
Batting: RHB Darrell Terwey 0-0: Called Strike
0-1: Ball
1-1: Swinging Strike
1-2: Ball
2-2: Ball
3-2: Strikes out looking
Bottom of the 2nd over - 0 run(s), 0 hit(s), 1 error(s), 1 left on base; Philadelphia 1776 3 - Portland 0
TOP OF THE 3RD
Philadelphia 1776 BC batting - Pitching for Portland Evergreens : RHP Antonio Godfrey
Batting: LHB Héctor Torres 0-0: Foul Ball, location: 2F
0-1: Ball
1-1: Fly out, F9 (Line Drive, 9S)
Batting: RHB António Granados 0-0: Ball
1-0: Ball
2-0: Ball
3-0: Base on Balls
Batting: RHB Jesús Rodríguez 0-0: Ground out 6-3 (Groundball, 56D)
António Granados to second
Batting: SHB Jesús Cabańe 0-0: Ball
Wild Pitch!
António Granados to third
1-0: SINGLE (Line Drive, 78S)
António Granados scores
Batting: LHB Rubén López 0-0: Called Strike
0-1: Ball
1-1: Ball
2-1: SINGLE (Flyball, 8RS)
Jesús Cabańe to second
Batting: RHB Patrizio Vanali 0-0: Called Strike
0-1: Ball
1-1: Fly out, F3 (Popup, 3S)
Top of the 3rd over - 1 run(s), 2 hit(s), 0 error(s), 2 left on base; Philadelphia 1776 4 - Portland 0
BOTTOM OF THE 3RD
Portland Evergreens batting - Pitching for Philadelphia 1776 BC : RHP Bill Fletcher
Batting: RHB José López 0-0: Ball
1-0: Called Strike
1-1: Ball
2-1: Ground out 4-3 (Groundball, 34)
Batting: LHB Joram Nelen 0-0: Swinging Strike
0-1: Called Strike
0-2: Foul Ball, location: 2F
0-2: Strikes out swinging
Batting: RHB Silvio Bonauiti 0-0: Foul Ball, location: 2F
0-1: Ball
1-1: Called Strike
1-2: Ground out 5-3 (Groundball, 56)
Bottom of the 3rd over - 0 run(s), 0 hit(s), 0 error(s), 0 left on base; Philadelphia 1776 4 - Portland 0
TOP OF THE 4TH
Philadelphia 1776 BC batting - Pitching for Portland Evergreens : RHP Antonio Godfrey
Batting: RHB Jesús Orozco 0-0: Ball
1-0: Foul Ball, location: 2F
1-1: Swinging Strike
1-2: Foul Ball, location: 2F
1-2: Ball
2-2: DOUBLE (Flyball, 8LXD)
Batting: LHB Tony Vega 0-0: Foul Ball, location: 2F
0-1: Ball
1-1: SINGLE (Groundball, 23) (infield hit)
Jesús Orozco to third
Batting: RHB Russell Jackson 0-0: Called Strike
0-1: Foul Ball, location: 2F
0-2: Ball
1-2: Ball
2-2: Fly out, F8 (Flyball, 8LM)
Runner from 3rd tags up, SCORES, no throw
Batting: LHB Héctor Torres 0-0: Called Strike
0-1: Foul Ball, location: 2F
0-2: SINGLE (Groundball, 34D)
Tony Vega to second
Runner from 2nd tries for 3rd, SAFE, no throw
Batting: RHB António Granados 0-0: Called Strike
0-1: Called Strike
0-2: Strikes out swinging
Batting: RHB Jesús Rodríguez 0-0: Ball
1-0: Ball
2-0: Foul Ball, location: 2F
2-1: Ball
3-1: Base on Balls
Héctor Torres to second
Batting: SHB Jesús Cabańe 0-0: Called Strike
0-1: Ball
1-1: Called Strike
1-2: Strikes out swinging
Top of the 4th over - 1 run(s), 3 hit(s), 0 error(s), 3 left on base; Philadelphia 1776 5 - Portland 0
BOTTOM OF THE 4TH
Portland Evergreens batting - Pitching for Philadelphia 1776 BC : RHP Bill Fletcher
Batting: RHB Roland Deschain 0-0: Ball
1-0: Called Strike
1-1: Swinging Strike
1-2: Fly out, F9 (Flyball, 9LM)
Batting: LHB António González 0-0: Ball
1-0: Foul Ball, location: 2F
1-1: Called Strike
1-2: Ball
2-2: Strikes out swinging
Batting: RHB Fernando Rivera 0-0: Ball
1-0: Ground out 6-3 (Groundball, 6)
Bottom of the 4th over - 0 run(s), 0 hit(s), 0 error(s), 0 left on base; Philadelphia 1776 5 - Portland 0
TOP OF THE 5TH
Philadelphia 1776 BC batting - Pitching for Portland Evergreens : RHP Antonio Godfrey
Batting: LHB Rubén López 0-0: Ball
1-0: Called Strike
1-1: Ball
2-1: Ground out 3-1 (Groundball, 3D)
Batting: RHB Patrizio Vanali 0-0: Ball
1-0: Called Strike
1-1: Fly out, F2 (Popup, 23)
Batting: RHB Jesús Orozco 0-0: Foul Ball, location: 2F
0-1: Fly out, F9 (Flyball, 9D)
Top of the 5th over - 0 run(s), 0 hit(s), 0 error(s), 0 left on base; Philadelphia 1776 5 - Portland 0
BOTTOM OF THE 5TH
Portland Evergreens batting - Pitching for Philadelphia 1776 BC : RHP Bill Fletcher
Batting: LHB Luis Velázquez 0-0: Ball
1-0: Ball
2-0: Fly out, F8 (Flyball, 8LS)
Batting: SHB Eddie Ménard 0-0: Ball
1-0: Called Strike
1-1: Swinging Strike
1-2: Strikes out looking
Batting: RHB Darrell Terwey 0-0: Ball
1-0: Fly out, F8 (Flyball, 8RD)
Bottom of the 5th over - 0 run(s), 0 hit(s), 0 error(s), 0 left on base; Philadelphia 1776 5 - Portland 0
TOP OF THE 6TH
Philadelphia 1776 BC batting - Pitching for Portland Evergreens : RHP Antonio Godfrey
Batting: LHB Tony Vega 0-0: Ball
1-0: Ball
2-0: Ball
3-0: Base on Balls
Batting: RHB Russell Jackson 0-0: Ball
1-0: Foul Ball, location: 2F
1-1: Foul Ball, location: 2F
1-2: Ground out 5-3 (Groundball, 56S)
Tony Vega to second
Batting: LHB Héctor Torres 0-0: Swinging Strike
0-1: 2-RUN HOME RUN (Flyball, 9D), Distance : 386 ft
Pitching: RHP Pedro Lara
Batting: RHB António Granados 0-0: Ball
1-0: Swinging Strike
1-1: Foul Ball, location: 2F
1-2: Ball
2-2: Fly out, F8 (Flyball, 8LD)
Batting: RHB Jesús Rodríguez 0-0: Ball
1-0: Foul Ball, location: 2F
1-1: Foul Ball, location: 2F
1-2: DOUBLE (Line Drive, 78D)
Batting: SHB Jesús Cabańe 0-0: Ground out 6-3 (Groundball, 6S)
Top of the 6th over - 2 run(s), 2 hit(s), 0 error(s), 1 left on base; Philadelphia 1776 7 - Portland 0
BOTTOM OF THE 6TH
Portland Evergreens batting - Pitching for Philadelphia 1776 BC : RHP Bill Fletcher
Batting: RHB José López 0-0: Ball
1-0: Foul Ball, location: 2F
1-1: Foul Ball, location: 2F
1-2: Fly out, F8 (Flyball, 8RM)
Batting: LHB Joram Nelen 0-0: Ground out 3-1 (Groundball, 34)
Batting: RHB Silvio Bonauiti 0-0: Ball
1-0: Called Strike
1-1: Ball
2-1: Called Strike
2-2: Ball
3-2: Base on Balls
Batting: RHB Roland Deschain 0-0: Ball
Silvio Bonauiti steals 2nd base
1-0: Fly out, F8 (Flyball, 78M)
Bottom of the 6th over - 0 run(s), 0 hit(s), 0 error(s), 1 left on base; Philadelphia 1776 7 - Portland 0
TOP OF THE 7TH
Philadelphia 1776 BC batting - Pitching for Portland Evergreens : RHP Pedro Lara
Batting: LHB Rubén López 0-0: Called Strike
0-1: Foul Ball, location: 2F
0-2: Ball
1-2: Strikes out swinging
Batting: RHB Patrizio Vanali 0-0: Called Strike
0-1: SINGLE (Line Drive, 89S)
Batting: RHB Jesús Orozco 0-0: Ball
1-0: Called Strike
1-1: Ground out 5-3 (Groundball, 56S)
Patrizio Vanali to second
Batting: LHB Tony Vega 0-0: Foul Ball, location: 2F
0-1: Ball
1-1: Ball
2-1: Swinging Strike
2-2: SINGLE (Line Drive, 89S)
Patrizio Vanali to third
Runner from 3rd tries for Home, SAFE, no throw
Batting: RHB Russell Jackson 0-0: Ball
1-0: Called Strike
1-1: Foul Ball, location: 2F
1-2: Strikes out swinging
Top of the 7th over - 1 run(s), 2 hit(s), 0 error(s), 1 left on base; Philadelphia 1776 8 - Portland 0
BOTTOM OF THE 7TH
Portland Evergreens batting - Pitching for Philadelphia 1776 BC : RHP Bill Fletcher
Batting: LHB António González 0-0: Ball
1-0: Foul Ball, location: 2F
1-1: SOLO HOME RUN (Line Drive, 9D), Distance : 393 ft
Batting: RHB Fernando Rivera 0-0: Called Strike
0-1: Ball
1-1: Called Strike
1-2: Ball
2-2: Ball
3-2: Strikes out swinging
Batting: LHB Luis Velázquez 0-0: Ball
1-0: Ball
2-0: Called Strike
2-1: Foul Ball, location: 2F
2-2: Ball
3-2: Base on Balls
Batting: SHB Eddie Ménard 0-0: Called Strike
0-1: Ball
1-1: Fielders Choice at 2nd, 4-6 (Groundball, 34)
Batting: RHB Darrell Terwey 0-0: Called Strike
0-1: Called Strike
0-2: SINGLE (Flyball, 9LS)
Eddie Ménard to second
Runner from 2nd tries for 3rd, SAFE, no throw
Batting: RHB José López 0-0: Ball
1-0: Ball
2-0: Ball
3-0: Base on Balls
Darrell Terwey to second
Batting: LHB Joram Nelen 0-0: Fielders Choice at 2nd, 4-6 (Groundball, 4)
Bottom of the 7th over - 1 run(s), 2 hit(s), 0 error(s), 2 left on base; Philadelphia 1776 8 - Portland 1
TOP OF THE 8TH
Philadelphia 1776 BC batting - Pitching for Portland Evergreens : RHP Pedro Lara
Batting: LHB Héctor Torres 0-0: Ball
1-0: Foul Ball, location: 2F
1-1: Foul Ball, location: 2F
1-2: Ball
2-2: Ball
3-2: Strikes out swinging
Batting: RHB António Granados 0-0: Ball
1-0: Ball
2-0: Foul Ball, location: 2F
2-1: Foul Ball, location: 2F
2-2: Foul Ball, location: 2F
2-2: Foul Ball, location: 2F
2-2: Foul Ball, location: 2F
2-2: Ball
3-2: Foul Ball, location: 2F
3-2: Base on Balls
Batting: RHB Jesús Rodríguez 0-0: Foul Ball, location: 2F
0-1: Foul Ball, location: 2F
0-2: Ball
1-2: Ball
2-2: Ball
3-2: Base on Balls
António Granados to second
Batting: SHB Jesús Cabańe 0-0: Ball
1-0: Called Strike
1-1: Swinging Strike
1-2: Ball
2-2: Foul Ball, location: 2F
2-2: Foul Ball, location: 2F
2-2: Foul Ball, location: 2F
2-2: Grounds into double play, 5-4-3 (Groundball, 56)
Top of the 8th over - 0 run(s), 0 hit(s), 0 error(s), 1 left on base; Philadelphia 1776 8 - Portland 1
BOTTOM OF THE 8TH
Portland Evergreens batting - Pitching for Philadelphia 1776 BC : RHP Bill Fletcher
Batting: RHB Silvio Bonauiti 0-0: Called Strike
0-1: Ball
1-1: Ball
2-1: Ball
3-1: Base on Balls
Batting: RHB Roland Deschain 0-0: Ball
1-0: Grounds into double play, 6-4-3 (Groundball, 6)
Batting: LHB António González 0-0: Foul Ball, location: 2F
0-1: Foul Ball, location: 2F
0-2: TRIPLE (Flyball, 89XD)
Batting: RHB Fernando Rivera 0-0: Ball
1-0: Ball
2-0: Foul Ball, location: 2F
2-1: Foul Ball, location: 2F
2-2: Ball
3-2: Ground out 1-3 (Groundball, 13S)
Bottom of the 8th over - 0 run(s), 1 hit(s), 0 error(s), 1 left on base; Philadelphia 1776 8 - Portland 1
TOP OF THE 9TH
Philadelphia 1776 BC batting - Pitching for Portland Evergreens : RHP Pedro Lara
Batting: LHB Rubén López 0-0: Ball
1-0: Foul Ball, location: 2F
1-1: Swinging Strike
1-2: Strikes out swinging
Batting: RHB Patrizio Vanali 0-0: Called Strike
0-1: Ball
1-1: Foul Ball, location: 2F
1-2: Ball
2-2: Ball
3-2: Base on Balls
Pitching: RHP Robert Anderson
Batting: RHB Jesús Orozco 0-0: Ball
1-0: Called Strike
1-1: Ball
2-1: Grounds into double play, 6-4-3 (Groundball, 6)
Top of the 9th over - 0 run(s), 0 hit(s), 0 error(s), 0 left on base; Philadelphia 1776 8 - Portland 1
BOTTOM OF THE 9TH
Portland Evergreens batting - Pitching for Philadelphia 1776 BC : RHP Bill Fletcher
Pitching: RHP Bill Maddox
Batting: LHB Luis Velázquez 0-0: Swinging Strike
0-1: Ball
1-1: Called Strike
1-2: Foul Ball, location: 2F
1-2: Foul Ball, location: 2F
1-2: Strikes out swinging
Pinch Hitting: RHB Yuji Ine 0-0: Fly out, F4 (Popup, 3D)
Batting: RHB Darrell Terwey 0-0: Called Strike
0-1: Called Strike
0-2: Foul Ball, location: 2F
0-2: Strikes out swinging
Bottom of the 9th over - 0 run(s), 0 hit(s), 0 error(s), 0 left on base; Philadelphia 1776 8 - Portland 1
Monday, March 20th, 2017 - OOTP Baseball 17.12 Build 75